AoeStats
← hightower_208

Arena

507112887Analyzed
2v2 RM · 15d ago on Sep 16, 2026· 42m 7s· 4 players
Game mode
Random Map
Map size
Medium (4 player)
Population
200
Speed
Normal
Resources
Standard
Victory
Conquest
Starting age
Dark Age
Ending age
Imperial Age
RankedLock teamsTeams togetherTeam positionsShared explorationLock speedFull tech treeHidden civsTurbo modeCheats
Victory
Defeat
🇺🇾 Maya · Uruguay
1724
+13
🇨🇴 Bohemians · Colombia
1597
+19
🇩🇪 Magyars · Germany
1686
-17
🇩🇪 Mongols · Germany
1628
-15
WryPig
10:12 Feudal Age
14:18 Castle Age
12:49 Double-Bit Axe
13:12 Horse Collar
16:19 Fervor
18:37 Padded Archer Armor
20:20 Sanctity
20:03 Fletching
22:38 Wheelbarrow
22:51 Bodkin Arrow
23:15 Padded Archer Armor
25:19 Chemistry
24:36 Leather Archer Armor
24:14 Elite Skirmisher
25:46 Ballistics
25:49 Bow Saw
26:26 Heavy Plow
28:08 Hand Cart
29:03 Town Watch
29:03 Loom
29:29 Loom
32:24 Imperial Age
31:29 Masonry
33:23 Bracer
33:53 Ring Archer Armor
34:09 Scale Mail Armor
34:20 Forging
33:52 Pikeman
34:33 Squires
34:57 Siege Engineers
35:06 Wagenburg Tactics
35:09 Halberdier
36:32 Chain Mail Armor
37:34 Iron Casting
37:54 Houfnice
41:46 Plate Mail Armor
42:27 Conscription
FMG | Esteban
0:26 Loom
8:23 Feudal Age
9:04 Double-Bit Axe
11:20 Fletching
21:20 Castle Age
21:58 Bodkin Arrow
22:37 Guard Tower
23:40 Horse Collar
24:16 Bow Saw
28:09 Wheelbarrow
34:15 Imperial Age
32:48 Hand Cart
32:19 Town Watch
32:39 Guard Tower
32:52 Padded Archer Armor
33:16 Ballistics
32:52 Gold Mining
33:33 Thumb Ring
33:48 Town Watch
34:52 Leather Archer Armor
34:32 Stone Mining
34:59 Masonry
35:04 Bracer
36:05 Chemistry
34:55 Guard Tower
34:51 Elite Plumed Archer
35:58 Leather Archer Armor
36:17 Pikeman
36:58 Squires
37:55 Ring Archer Armor
37:36 Masonry
37:22 Murder Holes
37:38 Fortified Wall
37:24 Halberdier
38:06 Scale Mail Armor
38:17 Forging
37:56 Arson
37:48 Eagle Warrior
39:28 Architecture
38:34 Eagle Warrior
39:33 Chain Mail Armor
39:17 Treadmill Crane
41:16 Iron Casting
41:56 Plate Mail Armor
42:16 Stone Shaft Mining
hightower_208
8:51 Loom
10:37 Feudal Age
11:53 Double-Bit Axe
17:23 Castle Age
18:17 Bow Saw
24:23 Wheelbarrow
24:29 Bow Saw
24:43 Horse Collar
25:57 Heavy Plow
30:09 Hand Cart
30:01 Gold Mining
35:27 Imperial Age
33:22 Scale Barding Armor
34:25 Chain Barding Armor
35:01 Bloodlines
34:51 Husbandry
36:49 Plate Barding Armor
36:15 Cavalier
38:38 Town Watch
40:06 Two-Man Saw
39:39 Paladin
Mjoelnir
10:55 Feudal Age
11:46 Double-Bit Axe
14:27 Castle Age
12:34 Horse Collar
13:41 Gold Mining
16:13 Fletching
20:55 Bodkin Arrow
22:27 Padded Archer Armor
24:22 Bow Saw
24:34 Loom
28:36 Heavy Plow
33:34 Imperial Age
31:40 Wheelbarrow
31:42 Gold Shaft Mining
34:25 Masonry
34:40 Drill
33:42 Onager
35:06 Conscription
37:01 Chemistry
36:06 Bracer
36:48 Careening
37:02 Bloodlines
37:22 Leather Archer Armor
37:09 Husbandry
37:53 Ballistics
40:16 Siege Onager
Connection lost

Rejoining the realm…

Still unreachable

The connection could not be restored.

Session expired

The server has moved on; the page needs a fresh start.